 Dungeon Crawl Stone Soup version 0.16.0-7-ge91f220 (webtiles) character file.

114 Woebin the Skirmisher (level 4, -2/35 HPs)
             Began as a Demonspawn Berserker on Mar 16, 2015.
             Was a Believer of Trog.
             Killed from afar by Grinder (8 damage)
             ... with a wand of magic darts
             ... on level 3 of the Dungeon.
             The game lasted 00:08:40 (2331 turns).

Woebin the Skirmisher (Demonspawn Berserker)        Turns: 2331, Time: 00:08:40

Health: -2/35      AC:  6    Str: 18    XL:     4   Next: 67%
Magic:  0/4        EV: 11    Int:  9    God:    Trog [**....]
Gold:   115        SH:  0    Dex: 12    Spells: 0 memorised, 3 levels left

rFire  + . .     SeeInvis .     s - -3 hunting sling (curse)
rCold  . . .     Clarity  .     m - +0 ring mail
rNeg   . . .     SustAb   .     (no shield)
rPois  .         Gourm    .     (no helmet)
rElec  .         Spirit   +     (no cloak)
rCorr  .         Warding  .     i - +0 pair of gloves
rMut   .         Stasis   .     (no boots)
MR     ++...                    (no amulet)
Stlth  ..........               (no ring)
                                e - ring of flight

@: regenerating, very resistant to hostile enchantments, extremely unstealthy
A: hooves 1, fire resistance 1, magic shield
a: Burn Spellbooks, Berserk, Trog's Hand, Renounce Religion, Evoke Flight


You were on level 3 of the Dungeon.
You worshipped Trog.
Trog was pleased with you.
You were hungry.

You visited 1 branch of the dungeon, and saw 3 of its levels.

You collected 115 gold pieces.

Inventory:

Hand weapons
 a - a +0 falchion
 b - a +0 hunting sling
 s - a cursed -3 hunting sling (weapon)
Missiles
 n - 2 sling bullets (quivered)
Armour
 i - a +0 pair of gloves (worn)
 l - a +0 animal skin
 m - a +0 ring mail (worn)
Jewellery
 e - a ring of flight (left hand)
 g - an uncursed ring of teleportation
Scrolls
 d - 2 scrolls of identify
 h - a scroll of recharging
 j - a scroll of fear {unknown}
 p - a scroll of magic mapping {unknown}
 r - a scroll of teleportation {unknown}
Potions
 f - a potion of brilliance
 k - a potion of might
 o - a potion of curing {unknown}
 q - a potion of agility {unknown}
Comestibles
 c - 4 bread rations


   Skills:
 + Level 3.4 Fighting
 + Level 3.3 Long Blades
 + Level 1.0 Slings
 + Level 2.4 Armour
 + Level 2.8 Dodging
 + Level 0.4 Stealth


You had 3 spell levels left.
You didn't know any spells.

Dungeon Overview and Level Annotations

Branches:
Dungeon (3/15)

Altars:
Makhleb

Annotations:
D:3 Grinder


Innate Abilities, Weirdness & Mutations

You have large cloven feet.
Your flesh is heat resistant.
When hurt, damage is shared between your health and your magic reserves.


Message History

Grinder zaps a wand.
The magic dart hits you!
* * * LOW HITPOINT WARNING * * *
Firing (i - inventory):
n - 5 sling bullets (quivered)
Press: ? - help, Shift-Dir - straight line, f/p - Grinder
Aim: Grinder, carrying a wand of magic darts {zapped: 7} (moderately wounded)
You shoot a sling bullet. The sling bullet hits Grinder.
Grinder is moderately wounded.
You feel the effects of Trog's Hand fading.
Firing (i - inventory):
n - 4 sling bullets (quivered)
Press: ? - help, Shift-Dir - straight line, f/p - Grinder
Aim: Grinder, carrying a wand of magic darts {zapped: 7} (moderately wounded)
You shoot a sling bullet.
The sling bullet closely misses Grinder.
Firing (i - inventory):
n - 3 sling bullets (quivered)
Press: ? - help, Shift-Dir - straight line, f/p - Grinder
Aim: Grinder, carrying a wand of magic darts {zapped: 7} (moderately wounded)
You shoot a sling bullet. The sling bullet hits Grinder!
Grinder is heavily wounded.
Grinder zaps a wand.
The magic dart hits you!
You die...

#.........# .
#####.........###+##..
#..............[......
###....................#
...............<.....<.#
.#...........#.........#
.###########+#.........#
......(................##
#####...........@.5.(((.(
#...................(
#####...................
#...............###.....
#............... .....
#.....#######... ....
#.......# #... ..
........# #... ........#
#


You could see Grinder.

Vanquished Creatures
  A hound (D:2)
  3 adders
  2 worms (D:2)
  2 giant geckos (D:3)
  An ooze (D:1)
  5 bats
  2 giant cockroaches (D:2)
  4 goblins
  3 hobgoblins
  2 jackals (D:1)
  11 kobolds
  4 giant newts (D:1)
  A quokka (D:2)
  3 rats
44 creatures vanquished.

Notes
Turn   | Place    | Note
--------------------------------------------------------------
     0 | D:1      | Woebin, the Demonspawn Berserker, began the quest for the Orb.
     0 | D:1      | Reached XP level 1. HP: 18/18 MP: 1/1
   137 | D:1      | Gained mutation: You have large cloven feet. [demonic ancestry]
   137 | D:1      | Reached XP level 2. HP: 20/24 MP: 2/2
   498 | D:1      | Acquired Trog's second power
  1305 | D:2      | Gained mutation: When hurt, damage is shared between your health and your magic reserves. [demonic ancestry]
  1305 | D:2      | Reached XP level 3. HP: 29/29 MP: 3/3
  1778 | D:2      | Found a burning altar of Makhleb.
  1791 | D:2      | Gained mutation: Your flesh is heat resistant. [demonic ancestry]
  1791 | D:2      | Reached XP level 4. HP: 21/35 MP: 1/4
  2172 | D:3      | Reached skill level 1 in Slings
  2315 | D:3      | Noticed Grinder
  2331 | D:3      | Killed from afar by Grinder

Action                   |  1- 3 |  4- 6 || total
-------------------------+-------+-------++-------
Melee: Falchion          |   109 |     6 ||   115
 Fire: Hunting sling     |    22 |    25 ||    47
Invok: Berserk           |     1 |       ||     1
       Trog's Hand       |       |     1 ||     1
  Use: Scroll            |     3 |     1 ||     4
       Potion            |     1 |       ||     1
  Eat: Meat ration       |     1 |       ||     1
